 Dungeon Crawl Stone Soup version 0.26-a0-1033-gd598b01645 (webtiles) character file.

Game seed: 12513610125348275754

2247 tzalcoatl the Slinger (level 9, -1/61 HPs)
             Began as a Halfling Abyssal Knight on Dec 10, 2020.
             Was a Priest of Lugonu.
             Slain by a killer bee (7 damage)
             ... on level 6 of the Dungeon.
             The game lasted 00:54:52 (10840 turns).

tzalcoatl the Slinger (Halfling Abyssal Knight)    Turns: 10840, Time: 00:54:53

Health: -1/61      AC:  8    Str: 16    XL:     9   Next: 63%
Magic:  11/12      EV: 13    Int: 10    God:    Lugonu [***...]
Gold:   332        SH:  0    Dex: 14    Spells: 8/8 levels left

rFire    . . .     SeeInvis .   a - +0 hunting sling
rCold    + . .     Faith    +   (shield restricted)
rNeg     . . .     Spirit   .   t - +1 scale mail
rPois    .         Reflect  .   u - +1 hat
rElec    .         Harm     .   (no cloak)
rCorr    .         Rampage  .   (no gloves)
Will     .....                  (no boots)
Stlth    ..........             B - amulet of faith
HPRegen  0.20/turn              g - ring of attention (curse)
MPRegen  0.13/turn              k - ring of protection from cold

@: no status effects
A: small, mutation resistance 1
a: Depart the Abyss, Bend Space, Banish, Renounce Religion


You were on level 6 of the Dungeon.
You worshipped Lugonu.
Lugonu was most pleased with you.
You visited 1 branch of the dungeon, and saw 6 of its levels.
You visited the Abyss 1 time.

You collected 332 gold pieces.

Inventory:

Hand Weapons
 a - a +0 hunting sling (weapon)
 b - a +0 scimitar
 c - a +2 vampiric dagger
Missiles
 f - 23 poisoned darts
 i - 147 stones (quivered ammo)
 q - 6 boomerangs
 s - 32 sling bullets
Armour
 t - a +1 scale mail (worn)
 u - a +1 hat (worn)
Jewellery
 d - a cursed -4 ring of strength {unknown}
 g - a cursed ring of attention (left hand)
 k - a ring of protection from cold (right hand)
 l - the amulet of Atalit {Spirit rF- rC+ rN+++ Dex-5}
   (You took it off a gnoll on level 6 of the Dungeon)

   [amulet of guardian spirit]

   It causes incoming damage to be split between your health and magic.
   It affects your dexterity (-5).
   It makes you vulnerable to fire.
   It protects you from cold.
   It renders you almost immune to negative energy.
 n - a +4 ring of evasion {unknown}
 o - an uncursed ring of magical power {unknown}
 r - an uncursed ring of protection from cold
 y - an uncursed ring of poison resistance {unknown}
 B - an amulet of faith (around neck)
Wands
 D - a wand of polymorph (3)
Scrolls
 e - 2 scrolls of enchant weapon
 j - a scroll of magic mapping
 m - 4 scrolls of amnesia
 p - 2 scrolls of fog
Potions
 h - a potion of brilliance {unknown}
 v - 2 potions of haste
 w - 2 potions of heal wounds {unknown}
 x - 2 potions of might
 z - a potion of ambrosia {unknown}
 A - a potion of mutation {unknown}
 C - 2 potions of curing


   Skills:
 + Level 5.5 Fighting
 - Level 3.8(5.0) Short Blades
 - Level 4.0(4.5) Long Blades
 * Level 11.7 Slings
 - Level 3.0 Armour
 - Level 3.0 Dodging
 + Level 4.1 Invocations


You had 8 spell levels left.
You didn't know any spells.
Your spell library was empty.

Dungeon Overview and Level Annotations

Branches:
Dungeon (6/15)
 Temple: D:4-7

Altars:

Annotations:
D:6 2 transporters, Maimakterion's ghost, novice DsWn


Innate Abilities, Weirdness & Mutations

You are small and have problems with some larger weapons.
You are somewhat resistant to further mutation.


Message History

You are more poisoned.
The killer bee poisons you! Space bends around you!
You blink.
You feel sick.
You feel sick. The killer bee barely misses you.
You feel sick.
You are too injured to fight recklessly!
You feel sick.
You feel sick. The killer bee barely misses you. The killer bee stings you.
* * * LOW HITPOINT WARNING * * *
Space bends around you!
You blink.
* * * LOW HITPOINT WARNING * * *
You feel sick.
You feel better. The killer bee stings you.
* * * LOW HITPOINT WARNING * * *
The killer bee stings you.
* * * LOW HITPOINT WARNING * * *
The killer bee completely misses you.
You see here a +0 flail.
The killer bee stings you!
You die...

######..#####.##.#..#
........# #.##.#..#
#######.## #.##.#..#
##...## #.##.#..####
#.....###.##.#..##..
#.######.........##>#..#..#
#............######.#..(.##
#########...## #.#...###
##@########.#...##.
#y#............###
#.y...รท....#....#
###.#########..###
#################.# #..##y
(...(((......y.##.# #..###
##############y...# #...##
###### #....# ##....


You could see 2 killer bees.

Vanquished Creatures
  Sigmund (D:1)
  A water moccasin (D:6)
  2 ice beasts (D:6)
  A sky beast (D:6)
  2 ogres
  2 centaurs (D:6)
  A gnoll sergeant (D:5)
  A bullfrog (D:6)
  2 scorpions (D:4)
  A wyvern skeleton (D:6)
  2 killer bees (D:6)
  A howler monkey (D:6)
  A bullfrog zombie (D:5)
  A bullfrog skeleton (D:5)
  2 hounds
  2 jellies (D:6)
  4 orc priests
  A gnoll shaman (D:6)
  6 orc wizards
  3 worker ants
  A killer bee zombie (D:5)
  A howler monkey zombie (D:5)
  15 gnolls
  10 adders
  An ufetubus (D:6)
  An adder zombie (D:6)
  2 worms
  2 dart slugs
  6 leopard geckos
  18 orcs
  3 bats (D:2)
  6 giant cockroaches
  10 goblins
  7 hobgoblins
  10 jackals
  9 kobolds
  A quokka (D:5)
  2 ball pythons (D:3)
  4 frilled lizards
  7 rats
153 creatures vanquished.

Vanquished Creatures (others)
  An orc wizard (D:4)
1 creature vanquished.

Grand Total: 154 creatures vanquished

Notes
Turn   | Place    | Note
-------+----------+-------------------------------------------
     0 | Abyss:1  | tzalcoatl the Halfling Abyssal Knight began the quest for
                  | the Orb.
     0 | Abyss:1  | Reached XP level 1. HP: 15/15 MP: 2/2
    68 | Abyss:1  | Found a corrupted altar of Lugonu.
   102 | Abyss:1  | Noticed a large abomination
   105 | D:1      | Escaped the Abyss
   388 | D:1      | Reached XP level 2. HP: 20/20 MP: 3/3
   742 | D:1      | Reached * piety under Lugonu
  1100 | D:2      | Reached XP level 3. HP: 24/25 MP: 4/4
  1124 | D:2      | Reached skill level 1 in Slings
  1124 | D:2      | Reached XP level 4. HP: 14/31 MP: 4/6
  1383 | D:2      | Noticed Sigmund
  2535 | D:3      | Reached XP level 5. HP: 36/36 MP: 7/7
  2539 | D:3      | Reached skill level 2 in Slings
  3435 | D:4      | Noticed an ogre
  3612 | D:4      | Reached skill level 3 in Slings
  3612 | D:4      | Reached XP level 6. HP: 17/42 MP: 8/8
  3957 | D:4      | Reached skill level 4 in Slings
  4119 | D:4      | Noticed an ogre
  5195 | D:4      | Reached ** piety under Lugonu
  5535 | D:4      | Reached skill level 5 in Slings
  5535 | D:4      | Reached XP level 7. HP: 46/46 MP: 9/9
  5764 | D:5      | Entered Level 5 of the Dungeon
  5828 | D:4      | Reached skill level 6 in Slings
  6023 | D:5      | Reached skill level 1 in Short Blades
  7150 | D:5      | Reached XP level 8. HP: 52/52 MP: 10/10
  7290 | D:5      | Reached skill level 7 in Slings
  8426 | D:1      | Killed Sigmund
  8427 | D:1      | Reached skill level 8 in Slings
  8722 | D:6      | Reached skill level 9 in Slings
  9061 | D:6      | Found a transporter.
  9061 | D:6      | Noticed Maimakterion's ghost (novice DsWn)
  9138 | D:6      | Found a transporter.
  9703 | D:6      | Reached XP level 9. HP: 59/59 MP: 11/11
  9722 | D:6      | Reached skill level 10 in Slings
  9832 | D:6      | Reached *** piety under Lugonu
  9907 | D:6      | Reached skill level 5 in Fighting
 10042 | D:6      | Identified the amulet of Atalit {Spirit rF- rC+ rN+++
                  | Dex-5}
 10115 | D:6      | Reached skill level 11 in Slings
 10583 | D:6      | Noticed a queen bee
 10840 | D:6      | Slain by a killer bee

Illustrated notes

Levels and vault maps discovered:
D:1:      lemuel_arrival_lava_pool, layout_basic
D:2:      layout_basic, uniq_sigmund
D:3:      layout_basic
D:4:      wad_crossroads, layout_basic, minivault_1, minmay_misc_feat_square,
          corexii_shack
D:5:      layout_gridville, corexii_corridor_pit
D:6:      minmay_chambers_of_fours, layout_loops_ring, gammafunk_ghost_hive

Skill      XL: |  1  2  3  4  5  6  7  8  9 |
---------------+----------------------------+-----
Fighting       | 3 4 5 |  5.5
Slings         | 1 3 5 6 9 11 | 11.7
Dodging        | 2 3 |  3.0
Armour         | 3 |  3.0
Invocations    | 3 4 |  4.1
Long Blades    | 3 4 |  4.0
Short Blades   | 3 |  3.8

Action                   |  1- 3 |  4- 6 |  7- 9 || total
-------------------------+-------+-------+-------++-------
Melee: Falchion          |    72 |   177 |    71 ||   320
       Dagger            |       |       |    38 ||    38
 Fire: Hunting sling     |       |    25 |   453 ||   478
Invok: Depart the Abyss  |     1 |       |       ||     1
       Bend Space        |       |       |     4 ||     4
  Use: Scroll            |     1 |     5 |     6 ||    12
       Potion            |     1 |     2 |     1 ||     4
Armor: Leather armour    |     1 |       |       ||     1
       Ring mail         |    22 |    21 |       ||    43
       Chain mail        |       |    31 |       ||    31
       Scale mail        |       |    13 |    79 ||    92
Dodge: Dodged            |    76 |   114 |   171 ||   361
       Rpst.: Falchion   |    25 |    39 |    13 ||    77

Table legend: (Time is in decaauts)
 A = Elapsed time spent in this place.
 B = Non-inter-level travel time spent in this place.
 C = Inter-level travel time spent in this place.
 D = Time resting spent in this place.
 E = Time spent auto-exploring this place.
 F = Levels seen in this place.
 G = Mean time per level.
                   A        B        C        D        E       F      G
               +--------+--------+--------+--------+--------+-----+--------+
         Total |  10767 |  10246 |    521 |   2826 |   4600 |   7 | 1538.1 |
       Dungeon |  10662 |  10141 |    521 |   2826 |   4497 |   6 | 1777.0 |
         Abyss |    105 |    105 |      0 |      0 |    103 |   1 |  105.0 |
               +--------+--------+--------+--------+--------+-----+--------+

Top non-repeatable levels by time:
     D:4: 2587 daAuts
     D:5: 1850 daAuts
     D:2: 1823 daAuts
     D:6: 1780 daAuts
     D:3: 1322 daAuts
     D:1: 1298 daAuts
 Abyss:1: 105 daAuts
